 Dungeon Crawl Stone Soup version 0.30-a0-4-ga7cffc901d (webtiles) character file.

Game seed: 13368212645834950241

4 Setbun the Sneak (level 1, 0/11 HPs)
             Began as a Kobold Enchanter on Aug 20, 2022.
             Slain by a hobgoblin (3 damage)
             ... on level 1 of the Dungeon.
             The game lasted 00:00:10 (157 turns).

Setbun the Sneak (Kobold Enchanter)                  Turns: 157, Time: 00:00:10

Health: 0/11       AC:  2    Str:  5    XL:     1   Next: 66%
Magic:  3/3        EV: 15    Int: 16    God:
Gold:   12         SH:  0    Dex: 15    Spells: 4/4 levels left

rFire   . . .      SeeInvis .    a - +1 dagger
rCold   . . .      Faith    .    (no shield)
rNeg    . . .      Spirit   .    b - +0 robe
rPois   .          Reflect  .    (no helmet)
rElec   .          Harm     .    (no cloak)
rCorr   .          Rampage  .    (no gloves)
Will    .....                    (no boots)
Stlth   ++++......               (no amulet)
HPRegen 0.03/turn                (no ring)
MPRegen 0.08/turn                (no ring)

@: no status effects
A: small, no large weapons, nightstalker 3
a: no special abilities


You were on level 1 of the Dungeon.
You visited 1 branch of the dungeon, and saw 1 of its levels.

You collected 12 gold pieces.

Inventory:

Hand Weapons
 a - a +1 dagger (weapon)
Armour
 b - a +0 robe (worn)
Potions
 c - 2 potions of invisibility


   Skills:
 + Level 0.3 Fighting
 * Level 1.6 Short Blades
 + Level 2.4 Dodging
 + Level 4.0 Stealth
 + Level 2.2 Spellcasting
 + Level 3.0 Hexes


You had 4 spell levels left.
You didn't know any spells.
Your spell library contained the following spells:

 Spells                   Type           Power      Damage    Failure   Level
 Ensorcelled Hibernation  Hex/Ice        12%        N/A       17%         2
 Confusing Touch          Hex            11%        N/A       17%         3
 Tukima's Dance           Hex            11%        N/A       17%         3
 Dazzling Flash           Conj/Hex       12%        N/A       32%         3


Dungeon Overview and Level Annotations

Branches:
Dungeon (1/15)

Altars:


Innate Abilities, Weirdness & Mutations

You are small and have problems with some larger weapons.
You are completely attuned to the shadows.


Message History

The bat misses you.
You hit the ball python.
You kill the ball python!
The bat closely misses you.
You closely miss the hobgoblin. The bat closely misses you.
The hobgoblin barely misses you.
You barely miss the hobgoblin. The bat completely misses you.
The hobgoblin hits you.
There are monsters nearby!
There are monsters nearby!
You hit the hobgoblin. Your punch misses the hobgoblin.
The hobgoblin is lightly wounded.
The hobgoblin hits you.
You are too injured to fight recklessly!
You are too injured to fight recklessly!
You are too injured to fight recklessly!
You are too injured to fight recklessly!
You are too injured to fight recklessly!
You are too injured to fight recklessly!
You are too injured to fight recklessly!
You are too injured to fight recklessly!
You are too injured to fight recklessly!
You are too injured to fight recklessly!
You are too injured to fight recklessly!
You are too injured to fight recklessly!
You are too injured to fight recklessly!
You are too injured to fight recklessly!
You are too injured to fight recklessly!
You are too injured to fight recklessly!
You are too injured to fight recklessly!
You are too injured to fight recklessly!
You hit the hobgoblin but do no damage. The bat barely misses you.
The hobgoblin hits you.
* * * LOW HITPOINT WARNING * * *
You closely miss the hobgoblin. The bat misses you.
The hobgoblin hits you but does no damage.
You hit the hobgoblin.
The hobgoblin is severely wounded.
The bat barely misses you. The hobgoblin hits you.
You die...

#####..###..>.
#......# #.###
######
#.###.## #.#
.....###.# #.#
#.# ...)....)#
#.# #.#
.#.......#
#.####.###
...b.....#
........
.#..g......
.....###
#..@....##
########
###)##..
#)..... #.. .b
#.##### #...
#.# ##... #.#
#.# #.# #...
##.## ##...#
##...##


You could see a hobgoblin and a bat.

Vanquished Creatures
  A ball python (D:1)
  An endoplasm (D:1)
  2 kobolds (D:1)
4 creatures vanquished.

Notes
Turn   | Place    | Note
-------+----------+-------------------------------------------
     0 | D:1      | Setbun the Kobold Enchanter began the quest for the Orb.
     0 | D:1      | Reached XP level 1. HP: 10/10 MP: 3/3
   157 | D:1      | Slain by a hobgoblin

Illustrated notes

Levels and vault maps discovered:
D:1:      minmay_arrival_pointy, layout_loops_ring, dreamdust_princess_bridge,
          minmay_distorted

Action                   || total
-------------------------++-------
Melee: Dagger            ||    12
 Stab: Sleeping          ||     2
Armor: Robe              ||     1
Dodge: Dodged            ||    12

Table legend: (Time is in decaauts)
 A = Elapsed time spent in this place.
 B = Non-inter-level travel time spent in this place.
 C = Inter-level travel time spent in this place.
 D = Time resting spent in this place.
 E = Time spent auto-exploring this place.
 F = Levels seen in this place.
 G = Mean time per level.
                   A        B        C        D        E       F      G
               +--------+--------+--------+--------+--------+-----+--------+
         Total |    156 |    156 |      0 |      0 |    132 |   1 |  156.0 |
       Dungeon |    156 |    156 |      0 |      0 |    132 |   1 |  156.0 |
               +--------+--------+--------+--------+--------+-----+--------+

Top non-repeatable levels by time:
     D:1: 156 daAuts
